 Dungeon Crawl Stone Soup version 0.29-a0-878-g7b45a56547 (webtiles) character file.

Game seed: 13267488325413279091

33 LynnLen the Sneak (level 3, -3/20 HPs)
             Began as a Vampire Enchanter on July 19, 2022.
             Slain by Terence
             ... wielding a +0 flail
              (8 damage)
             ... on level 2 of the Dungeon.
             The game lasted 00:03:35 (1772 turns).

LynnLen the Sneak (Vampire Enchanter)               Turns: 1772, Time: 00:03:35

Health: -3/20      AC:  3    Str:  7    XL:     3   Next: 12%
Magic:  3/6        EV: 12    Int: 17    God:
Gold:   65         SH:  0    Dex: 16    Spells: 0/6 levels left

rFire   . . .      SeeInvis +   a - +1 dagger
rCold   + + .      Faith    .   (no shield)
rNeg    + + +      Spirit   .   j - +0 leather armour
rPois   ∞          Reflect  .   (no helmet)
rElec   .          Harm     .   (no cloak)
rCorr   .          Rampage  .   (no gloves)
Will    .....                   (no boots)
Stlth   +++++.....              (no amulet)
HPRegen 0.00/turn               (no ring)
MPRegen 0.10/turn               (no ring)

@: bloodless, inhibited regen
A: bloodless, fangs 3, see invisible, vampiric 2
a: Bat Form, Revivify


You were on level 2 of the Dungeon.
You visited 1 branch of the dungeon, and saw 2 of its levels.

You collected 65 gold pieces.

Inventory:

Hand Weapons
 a - a +1 dagger (weapon)
Armour
 j - a +0 leather armour (worn)
Scrolls
 b - a scroll of teleportation {unknown}
 d - a scroll of fog {unknown}
Potions
 c - 2 potions of invisibility
 e - a potion of heal wounds
 h - 3 potions of haste {unknown}
 i - a potion of mutation {unknown}


   Skills:
 * Level 1.1 Fighting
 * Level 1.9 Short Blades
 + Level 2.3 Dodging
 + Level 5.4 Stealth
 - Level 2.0 Spellcasting
 - Level 4.4 Hexes


You couldn't memorise any spells.
You knew the following spells:

 Your Spells              Type           Power      Damage    Failure   Level
a - Confusing Touch       Hex            16%        N/A       14%         3
b - Tukima's Dance        Hex            16%        N/A       14%         3

Your spell library contained the following spells:

 Spells                   Type           Power      Damage    Failure   Level
 Ensorcelled Hibernation  Hex/Ice        18%        N/A       19%         2
 Dazzling Flash           Conj/Hex       18%        N/A       34%         3


Dungeon Overview and Level Annotations

Branches:
Dungeon (2/15)

Altars:

Annotations:
D:2 Terence


Innate Abilities, Weirdness & Mutations

You do not regenerate when monsters are visible.
You are frail without blood (-20% HP).
You can heal yourself when you bite living creatures.
You are immune to poison.
You have razor-sharp teeth.
You have supernaturally acute eyesight. (SInv)
You are afflicted with vampirism and can become a bat while bloodless.


Message History

You see here a ball python skeleton.
You start waiting.
Done waiting.
This spell is extremely dangerous to cast!
Memorise Confusing Touch, consuming 3 spell levels and leaving 3?
You start memorising the spell.
You continue memorising. x3
You finish memorising.
Spell assigned to 'a'.
This spell is extremely dangerous to cast!
Memorise Tukima's Dance, consuming 3 spell levels and leaving 0?
You start memorising the spell.
You continue memorising. x3
You finish memorising.
Spell assigned to 'b'.
You climb downwards.
Level annotation: Terence Terence hits you with a +0 flail.
There is a stone staircase leading up here.
Unknown command.
Cast which spell? (? or * to list)
The spell is extremely dangerous to miscast (14% risk of failure)!
Continue anyway?
Okay, then.
Casting: Confusing Touch (extremely dangerous; 14% risk of failure)
Confirm with . or Enter, or press ? or * to list all spells.
The spell is extremely dangerous to miscast (14% risk of failure)!
Continue anyway?
Your hands begin to glow red.
Terence misses you.
You barely miss Terence. Terence hits you with a +0 flail!
You hit Terence but do no damage. Terence misses you.
You hit Terence but do no damage.
Terence appears confused.
Terence closely misses you.
You hit Terence but do no damage. You hit Terence.
Terence is lightly wounded.
Terence hits you with a +0 flail.
* * * LOW HITPOINT WARNING * * *
You catch the helpless Terence completely off-guard!
You bite Terence, and draw his blood!
You feel better.
You puncture Terence!
Terence is heavily wounded.
Terence drinks a potion.
Terence is healed!
You hit Terence.
Terence is lightly wounded.
Terence hits you with a +0 flail!
You die...

. ..# ..# .#. ... ..... .?.# ..b
..... ..... #.##.#.#
...###.#....# ..[.. ...#.#..# #
##....# #.#...##..#
.....####..<.....#
#...##...<@@######
..##...##..)........# ..
......#.......####.#### #####
....###..........###.....##....[
........#........##.............
###...#......#..............
#..###.#...#............K.
#.###..#..................
#.......##.#................


You could see Terence (confused) and a bat.

Vanquished Creatures
  3 bats (D:1)
  4 endoplasms (D:1)
  A giant cockroach (D:1)
  3 goblins (D:1)
  A hobgoblin (D:1)
  4 jackals (D:1)
  A quokka (D:1)
  4 ball pythons (D:1)
  A frilled lizard (D:1)
  5 kobolds
  2 rats
29 creatures vanquished.

Vanquished Creatures (others)
  A fungus (D:2)
  2 plants (D:2)
3 creatures vanquished.

Grand Total: 32 creatures vanquished

Notes
Turn   | Place    | Note
-------+----------+-------------------------------------------
     0 | D:1      | LynnLen the Vampire Enchanter began the quest for the Orb.
     0 | D:1      | Reached XP level 1. HP: 13/13 MP: 3/3
   279 | D:1      | Reached XP level 2. HP: 8/16 MP: 5/5
   624 | D:1      | Reached skill level 5 in Stealth
  1077 | D:1      | Reached skill level 1 in Fighting
  1086 | D:1      | Gained mutation: You are afflicted with vampirism and can
                  | become a bat while bloodless. [Vampire growth]
  1086 | D:1      | Reached XP level 3. HP: 9/20 MP: 6/6
  1633 | D:2      | Noticed Terence
  1758 | D:1      | Learned a level 3 spell: Confusing Touch
  1762 | D:1      | Learned a level 3 spell: Tukima's Dance
  1772 | D:2      | Slain by Terence

Illustrated notes

Levels and vault maps discovered:
D:1:      amcnicky_arrival_flooded_fountain, layout_basic
D:2:      layout_rooms, shapermc_ecumenical_altar_mp_ritualfount, uniq_terence

Skill      XL: |  1  2 |
---------------+-------+-----
Stealth        | 5 |  5.4
Fighting       | 1 |  1.1
Short Blades   | |  1.9
Dodging        | |  2.3
Spellcasting   | |  2.0
Hexes          | |  4.4

Action                   || total
-------------------------++-------
Melee: Dagger            ||    98
       Bite              ||     6
       Punch             ||     1
 Cast: Confusing Touch   ||     1
 Abil: Exsanguinate      ||     1
  Use: Scroll            ||     3
 Stab: Sleeping          ||     6
       Confused          ||     1
Armor: Leather armour    ||    24
Dodge: Dodged            ||    57

Table legend: (Time is in decaauts)
 A = Elapsed time spent in this place.
 B = Non-inter-level travel time spent in this place.
 C = Inter-level travel time spent in this place.
 D = Time resting spent in this place.
 E = Time spent auto-exploring this place.
 F = Levels seen in this place.
 G = Mean time per level.
                   A        B        C        D        E       F      G
               +--------+--------+--------+--------+--------+-----+--------+
         Total |   1766 |   1766 |      0 |    656 |    327 |   2 |  883.0 |
       Dungeon |   1766 |   1766 |      0 |    656 |    327 |   2 |  883.0 |
               +--------+--------+--------+--------+--------+-----+--------+

Top non-repeatable levels by time:
     D:1: 1679 daAuts
     D:2: 86 daAuts
